 Dungeon Crawl Stone Soup version 0.28.0-45-g0d030f2227 (webtiles) character file.

Game seed: 10356146430010204154

93238 protoss039 the Eclecticist (level 15, -8/115 HPs)
             Began as a Deep Elf Air Elementalist on Apr 4, 2022.
             Was a High Priest of Sif Muna.
             Mangled by a tyrant leech (38 damage)
             ... on level 2 of the Swamp.
             The game lasted 01:43:28 (36687 turns).

protoss039 the Eclecticist (DEAE)                  Turns: 36687, Time: 01:43:29

Health: -8/115     AC: 33    Str:  5    XL:     15   Next: 60%
Magic:  17/40      EV: 12    Int: 28    God:    Sif Muna [*****.]
Gold:   3289       SH:  7    Dex: 15    Spells: 3/52 levels left

rFire   . . .      SeeInvis .   O - +3 scimitar (flame)
rCold   . . .      Faith    .   K - +3 buckler {AC+3}
rNeg    + . .      Spirit   .   (armour currently unavailable)
rPois   ∞          Reflect  .   b - +0 helmet
rElec   +          Harm     .   p - +0 cloak
rCorr   .          Rampage  .   (gloves currently unavailable)
Will    ++...                   (boots currently unavailable)
Stlth   ++........              L - amulet of regeneration
HPRegen 1.09/turn               w - ring of flight
MPRegen 0.27/turn               H - ring of willpower

@: statue-form, flying, very slow
A: slow and powerful, torment resistance 1, boosted hp
a: End Transformation, Renounce Religion, Channel Magic, Forget Spell, Divine
Exegesis


You were on level 2 of the Swamp.
You worshipped Sif Muna.
Sif Muna was extremely pleased with you.
You were a living statue of rough stone.
You visited 5 branches of the dungeon, and saw 24 of its levels.
You also visited: Ossuary.

You collected 3805 gold pieces.
You spent 516 gold pieces at shops.

Inventory:

Hand Weapons
 y - a +9 short sword of venom
 O - a +3 scimitar of flaming (weapon)
Armour
 b - a +0 helmet (worn)
 g - a +2 robe of cold resistance
 m - the +1 robe "Paxzabee" (melded) {Int+3 Dex+2}
   (You found it on level 3 of the Dungeon)

   Int:       It affects your intelligence (+3).
   Dex:       It affects your dexterity (+2).
 p - a +0 cloak (worn)
 G - a +0 pair of boots (melded)
 K - a +3 buckler of protection (worn)
 P - a +2 pair of gloves (melded)
Magical Staves
 U - a staff of earth
Jewellery
 h - an amulet of magic regeneration
 k - a ring of wizardry
 n - a ring of ice
 w - a ring of flight (left fist)
 E - the ring "Cisiy" {rElec rPois rCorr Dex-3 Slay+6}
   (You found it on level 3 of the Lair of Beasts)

   [ring of poison resistance]

   Dex:       It affects your dexterity (-3).
   Slay:      It affects your accuracy & damage with ranged weapons and melee
   (+6).
   rElec:     It insulates you from electricity.
   rPois:     It protects you from poison.
   rCorr:     It protects you from acid and corrosion.
 F - a ring of positive energy
 H - a ring of willpower (right fist)
 L - an amulet of regeneration (around neck)
 M - a ring of protection from fire
Wands
 d - a wand of digging (8)
 x - a wand of paralysis (3)
 J - a wand of flame (45)
 R - a wand of acid (5)
Scrolls
 c - a scroll of blinking
 f - 3 scrolls of fog
 i - a scroll of identify
 A - 5 scrolls of teleportation
 B - 4 scrolls of magic mapping
 I - 2 scrolls of amnesia
Potions
 a - 3 potions of mutation
 e - 7 potions of curing
 j - 5 potions of brilliance
 q - a potion of invisibility
 s - 5 potions of cancellation
 u - 2 potions of berserk rage
 v - 2 potions of flight
 z - 5 potions of ambrosia
 C - a potion of magic
 D - 3 potions of lignification
 N - 4 potions of might
Miscellaneous
 V - a phantom mirror


   Skills:
 * Level 8.7 Fighting
 - Level 3.0 Dodging
 - Level 3.0 Stealth
 * Level 2.4 Shields
 + Level 19.4 Spellcasting
 + Level 9.2 Conjurations
 - Level 3.0 Hexes
 * Level 9.8 Transmutations
 + Level 13.8 Air Magic
 * Level 7.1 Earth Magic
 - Level 3.0 Poison Magic
 * Level 10.4 Invocations


You had 3 spell levels left.
You knew the following spells:

 Your Spells              Type           Power      Damage    Failure   Level
a - Shock                 Conj/Air       100%       1d9       1%          1
b - Static Discharge      Conj/Air       75%        N/A       1%          2
c - Swiftness             Air            81%        N/A       1%          3
d - Airstrike             Air            40%        N/A       1%          4
e - Passwall              Tmut/Erth      54%        N/A       1%          2
f - Fulminant Prism       Conj/Hex       28%        3d14      1%          4
g - Statue Form           Tmut/Erth      43%        N/A       10%         6
h - Mephitic Cloud        Conj/Pois/Air  66%        N/A       1%          3
i - Cause Fear            Hex            21%        N/A       6%          4
j - Iron Shot             Conj/Erth      32%        9d7       11%         6
k - Conjure Ball Lightni  Conj/Air       37%        3x3d12    2%          6
l - Maxwell's Capacitive  Air            40%        ∞         43%         8

Your spell library contained the following spells:

 Spells                   Type           Power      Damage    Failure   Level
 Foxfire                  Conj/Fire      100%       2x1d9     1%          1
 Freeze                   Ice            100%       1d11      1%          1
 Magic Dart               Conj           100%       1d8       1%          1
 Sting                    Tmut/Pois      100%       1d8       1%          1
 Corpse Rot               Necr/Air       100%       N/A       1%          2
 Ensorcelled Hibernation  Hex/Ice        70%        N/A       1%          2
 Poisonous Vapours        Pois/Air       100%       N/A       1%          2
 Searing Ray              Conj           100%       2d8       1%          2
 Summon Guardian Golem    Hex/Summ       35%        N/A       3%          3
 Frozen Ramparts          Ice            54%        1d7       6%          3
 Lesser Beckoning         Tloc           27%        N/A       6%          3
 Petrify                  Tmut/Erth      65%        N/A       1%          4
 Silence                  Hex/Air        32%        N/A       1%          5
 Ice Form                 Ice/Tmut       53%        N/A       2%          4
 Hailstorm                Conj/Ice       52%        3d12      3%          4
 Iskenderun's Mystic Bla  Conj/Tloc      52%        2d11      3%          4
 Sticky Flame             Conj/Fire      52%        2d7       3%          4
 Lee's Rapid Deconstruct  Erth           30%        3d17*     3%          5
 Alistair's Intoxication  Tmut/Pois      38%        N/A       4%          5
 Olgreb's Toxic Radiance  Pois           43%        N/A       6%          4
 Fireball                 Conj/Fire      26%        3d12      9%          5
 Dispel Undead            Necr           27%        3d13      21%         4
 Summon Ice Beast         Ice/Summ       27%        N/A       21%         4
 Metabolic Englaciation   Hex/Ice        17%        N/A       30%         5
 Summon Mana Viper        Hex/Summ       35%        N/A       30%         5
 Orb of Destruction       Conj           34%        9d10      36%         7
 Starburst                Conj/Fire      26%        6d8       41%         6
 Death Channel            Necr           13%        N/A       97%         6
 Simulacrum               Ice/Necr       13%        N/A       97%         6
 Enfeeble                 Hex            21%        N/A       99%         7
 Monstrous Menagerie      Summ           13%        N/A       100%        7
 Chain Lightning          Conj/Air       37%        3d50      100%        9


Dungeon Overview and Level Annotations

Branches:
Dungeon (13/15)            Temple (1/1) D:6            Lair (6/6) D:10
  Swamp (2/4) Lair:2        Snake (0/4) Lair:2        Slime (0/5) Lair:6
    Orc (2/2) D:10            Elf (0/3) Orc:2       Ossuary (visited)
 Vaults: D:13-14

Altars:
Ashenzari
Cheibriados
Dithmenos
Elyvilon
Fedhas
Gozag
Hepliaklqana
Kikubaaqudgha
Makhleb
Nemelex Xobeh
Okawaru
Qazlal
Ru
Sif Muna
Trog
Uskayaw
Vehumet
Wu Jian
Xom
Yredelemnul
Zin
The Shining One
Beogh
Jiyva

Shops:
D:4 (   D:7 *   Orc:2 *:[(

Annotations:
D:12 2 transporters, Olga's ghost, journeyman FoAK
Orc:2 2 transporters, benappo's ghost, journeyman HOFi


Message History

The flame cauterises the wound!
You slice the six-headed hydra!! You burn the six-headed hydra.
The six-headed hydra is heavily wounded.
Your ball lightning explodes!
The blast of lightning engulfs you. You resist.
The blast of lightning engulfs the six-headed hydra!!
The six-headed hydra is almost dead.
The six-headed hydra bites you but does no damage. x2
You block the six-headed hydra's attack. x2
The six-headed hydra bites you but does no damage.
The six-headed hydra closely misses you. x2
The six-headed hydra bites you.
The six-headed hydra bites you but does no damage. x2
The six-headed hydra bites you. The six-headed hydra barely misses you.
You hear a deafening roar!
You hear a roar!
Unknown command.
Unknown command.
You hit the six-headed hydra but do no damage.
The six-headed hydra is almost dead.
The six-headed hydra bites you but does no damage.
You block the six-headed hydra's attack.
The six-headed hydra bites you! The six-headed hydra bites you.
The six-headed hydra barely misses you. The six-headed hydra bites you.
An eight-headed hydra comes into view.
The six-headed hydra bites you!
The six-headed hydra bites you but does no damage. x3
The six-headed hydra bites you!!
* * * LOW HITPOINT WARNING * * *
The six-headed hydra bites you but does no damage.
Unknown command.
Unknown command.
Casting: Conjure Ball Lightning (dangerous; 2% risk of failure)
Confirm with . or Enter, or press ? or * to list all spells.
Casting: Cause Fear (dangerous; 6% risk of failure)
Press: ? - help, Dir - look around, f - activate The eight-headed hydra resists with almost no effort.
The six-headed hydra looks frightened!
The tyrant leech resists with some effort.
The tyrant leech bites you!!!
You die...

..≈ ... .§≈.
.≈≈.≈♣♣♣♣ ♣♣♣
≈≈..≈♣.≈♣ ..♣
≈≈≈.♣§.≈♣♣♣≈≈♣
....≈$≈≈.....♣
...≈≈.§≈D≈8.♣♣
≈$.≈)≈†≈≈w≈.♣
≈≈≈≈≈§≈≈≈≈≈.♣
≈≈≈≈...≈§≈.≈♣
.≈.....≈≈..≈♣
..≈≈.♣.≈≈≈.≈.♣
≈≈≈.♣♣.≈≈≈D≈§.♣
♣.≈. ♣≈....≈≈≈♣
.. ♣♣♣♣♣....♣


You could see an eight-headed hydra, a six-headed hydra (strong, fleeing) and a
tyrant leech (strong).

Vanquished Creatures
  Rupert (Lair:4)
  A fenstrider witch (Swamp:1)
  An orc warlord (Orc:2)
  2 eleionomae
  A bunyip (Swamp:1)
  Snorg (Lair:6)
  Josephine (Lair:6)
  18 hydras
  A centaur warrior (D:13)
  A boulder beetle (Lair:5)
  A ghost crab (Swamp:1)
  2 two-headed ogres
  Erica (D:9)
  An alligator (Swamp:1)
  2 orc high priests (Orc:2)
  Urug (D:12)
  7 death yaks
  Sonja (Lair:3)
  A spriggan druid (Swamp:2)
  A goliath frog (Swamp:1)
  A swamp dragon (Lair:2)
  7 lindwurms
  A swamp dragon (shapeshifter) (D:13)
  A bog body (Swamp:1)
  3 orc sorcerers
  An ugly thing (D:12)
  14 elephants
  Joseph (D:9)
  7 black mambas
  An ice statue (Lair:1)
  9 cane toads
  A torpor snail (Lair:5)
  An unseen horror (D:11)
  15 komodo dragons
  The ghost of JackAllcraft the Firebug, a novice DsFE (D:5)
  4 rime drakes
  9 kobold demonologists
  2 efreet (D:13)
  9 polar bears
  A bloated husk (Swamp:1)
  4 trolls
  4 hornets
  A tyrant leech (Swamp:1)
  8 slime creatures (D:12)
  13 blink frogs
  13 dream sheep
  15 spriggans
  A vampire (D:11)
  A shadow (D:7)
  7 wraiths
  62 yaks
  2 wyverns
  A basilisk (Lair:4)
  Grum (D:11)
  10 wargs
  4 swamp worms
  4 nagas (Lair:2)
  17 water moccasins
  2 sky beasts
  A swamp drake (Swamp:1)
  33 orc warriors
  3 black bears
  An ice beast (D:3)
  5 ogres
  3 boggarts (Lair:6)
  3 necrophages
  9 centaurs
  30 wolves
  A phantom (D:4)
  5 kobold brigands
  13 bullfrogs
  A gnoll sergeant (D:7)
  5 killer bees (D:8)
  6 wights
  3 howler monkeys (D:12)
  4 electric eels
  2 vampire bats (Orc:2)
  2 hounds
  4 centaur zombies
  2 centaur skeletons
  31 orc priests
  A bullfrog zombie (D:7)
  A gnoll shaman (D:6)
  2 jellies (D:6)
  Ijyb (D:3)
  A hell rat (Lair:6)
  22 orc wizards
  A killer bee zombie (D:7)
  4 mummies
  A howler monkey zombie (D:9)
  Robin (D:2)
  22 gnolls
  11 adders
  6 shadow imps (D:6)
  An ufetubus (D:4)
  2 adder skeletons
  2 worms
  4 dart slugs
  84 orcs
  6 ball pythons
  10 bats
  8 endoplasms
  8 hobgoblins
  5 quokkas
  4 frilled lizards
  11 goblins
  5 goblin zombies (Ossuary)
  2 hobgoblin zombies (Ossuary)
  34 kobolds
  3 kobold zombies (Ossuary)
  2 rats
  6 fulminant prisms
743 creatures vanquished.

Vanquished Creatures (collateral kills)
  A centaur warrior (D:13)
  A hornet (Lair:6)
  A spriggan (Lair:6)
3 creatures vanquished.

Vanquished Creatures (others)
  A bloated husk (Swamp:1)
  A black bear (Lair:6)
  32 ball lightnings
  A bush (Lair:6)
  126 fulminant prisms
  39 fungi
  66 plants
266 creatures vanquished.

Grand Total: 1012 creatures vanquished

Notes
Turn   | Place    | Note
-------+----------+-------------------------------------------
     0 | D:1      | protoss039 the Deep Elf Air Elementalist began the quest
                  | for the Orb.
     0 | D:1      | Reached XP level 1. HP: 10/10 MP: 6/6
   101 | D:1      | Reached XP level 2. HP: 3/15 MP: 1/8
   346 | D:1      | Learned a level 2 spell: Static Discharge
  1113 | D:1      | Reached XP level 3. HP: 19/19 MP: 8/10
  1409 | D:1      | Learned a level 3 spell: Swiftness
  2141 | D:2      | Reached skill level 4 in Spellcasting
  2141 | D:2      | Reached XP level 4. HP: 24/24 MP: 9/12
  2489 | D:2      | Noticed Robin
  2494 | D:2      | Killed Robin
  2656 | D:2      | Learned a level 4 spell: Airstrike
  2693 | D:3      | Found a glowing silver altar of Zin.
  2826 | D:3      | Found a burning altar of Makhleb.
  2835 | D:3      | Noticed an ice beast
  2847 | D:3      | Killed an ice beast
  2848 | D:3      | Reached skill level 5 in Spellcasting
  2848 | D:3      | Reached XP level 5. HP: 4/28 MP: 2/14
  3169 | D:3      | Identified the +1 robe "Paxzabee" {Int+3 Dex+2}
  3397 | D:3      | Found a white marble altar of Elyvilon.
  3647 | D:3      | Reached XP level 6. HP: 32/32 MP: 16/16
  3879 | D:3      | Found a faded altar of an unknown god.
  3950 | D:3      | Noticed Ijyb
  3954 | D:3      | Paralysed by Ijyb for 3 turns
  3960 | D:3      | Killed Ijyb
  4292 | D:4      | Found a sand-covered staircase.
  4302 | Ossuary  | Entered an ossuary
  4302 | Ossuary  | Noticed a wraith
  4302 | Ossuary  | Noticed a wraith
  4302 | Ossuary  | Noticed a wraith
  4665 | Ossuary  | Noticed a wraith
  4672 | Ossuary  | Killed a wraith
  4673 | Ossuary  | Reached skill level 6 in Spellcasting
  4673 | Ossuary  | Reached skill level 5 in Air Magic
  5326 | D:4      | Reached XP level 7. HP: 36/36 MP: 13/18
  6003 | D:4      | Found Haopei's Antique Weapon Shop.
  6105 | D:5      | Entered Level 5 of the Dungeon
  6350 | D:5      | Reached skill level 7 in Spellcasting
  6910 | D:5      | Reached skill level 8 in Spellcasting
  6931 | D:5      | Reached XP level 8. HP: 21/41 MP: 0/22
  7615 | D:5      | Reached skill level 5 in Conjurations
  7727 | D:5      | Found a runed translucent gate.
  7727 | D:5      | Found a runed translucent gate.
  7727 | D:5      | Found a runed translucent gate.
  7729 | D:5      | Noticed JackAllcraft's ghost (novice DsFE)
  7932 | D:5      | Learned a level 2 spell: Passwall
  7983 | D:6      | Found a staircase to the Ecumenical Temple.
  8000 | Temple   | Entered the Ecumenical Temple
  8507 | D:6      | Reached skill level 1 in Transmutations
  8507 | D:6      | Reached skill level 1 in Earth Magic
  8568 | D:6      | Found a transporter.
  8596 | D:6      | Reached skill level 1 in Fighting
  9025 | D:6      | Reached skill level 9 in Spellcasting
  9281 | D:6      | Found a transporter.
  9282 | D:6      | Noticed a kobold demonologist
  9290 | D:6      | Noticed a kobold demonologist
  9733 | D:7      | Reached XP level 9. HP: 38/48 MP: 17/24
 10259 | D:7      | Reached skill level 10 in Spellcasting
 10852 | D:7      | Found Honwelesm's General Store.
 10861 | D:7      | Bought a scroll of identify for 20 gold pieces
 11177 | D:8      | Found a shadowy altar of Dithmenos.
 11510 | D:8      | Found a sparkling altar of Nemelex Xobeh.
 11762 | D:8      | Found a radiant altar of Vehumet.
 11762 | D:8      | Found an ornate altar of the Wu Jian Council.
 11762 | D:8      | Found a glowing golden altar of the Shining One.
 11762 | D:8      | Found a blossoming altar of Fedhas.
 11919 | D:8      | Noticed a +0 dagger
 11919 | D:8      | Noticed a +0 dagger
 11969 | D:8      | Found a hide-covered altar of Uskayaw.
 12061 | D:8      | Reached skill level 11 in Spellcasting
 12510 | D:8      | Found a shimmering blue altar of Sif Muna.
 12515 | D:8      | Became a worshipper of Sif Muna the Loreminder
 12606 | D:9      | Reached XP level 10. HP: 18/56 MP: 15/27
 12609 | D:9      | Reached skill level 1 in Invocations
 12887 | D:9      | Found a sacrificial altar of Ru.
 13112 | D:9      | Reached skill level 12 in Spellcasting
 13710 | D:9      | Noticed a two-headed ogre
 13980 | D:9      | Killed a two-headed ogre
 14474 | D:9      | Noticed Erica
 14479 | D:9      | Killed Erica
 14479 | D:9      | Noticed Joseph
 14685 | D:9      | Killed Joseph
 14888 | D:9      | Found an opulent altar of Gozag.
 14929 | D:9      | Learned a level 4 spell: Fulminant Prism
 14930 | D:10     | Entered Level 10 of the Dungeon
 14977 | D:10     | Found a staircase to the Lair.
 14985 | D:10     | Reached skill level 13 in Spellcasting
 14997 | D:10     | Reached skill level 1 in Hexes
 15277 | D:10     | Reached XP level 11. HP: 52/62 MP: 25/30
 15325 | D:10     | Reached * piety under Sif Muna
 15326 | D:10     | Noticed a two-headed ogre
 15330 | D:10     | Killed a two-headed ogre
 15331 | D:10     | Reached skill level 10 in Air Magic
 16078 | D:10     | Found a staircase to the Orcish Mines.
 16541 | D:11     | Noticed Grum
 16551 | D:11     | Killed Grum
 17103 | D:11     | Learned a level 6 spell: Statue Form
 17110 | D:11     | Noticed a five-headed hydra
 17115 | D:11     | Killed a five-headed hydra
 17294 | D:11     | Reached skill level 14 in Spellcasting
 17574 | D:12     | Noticed Urug
 17630 | D:12     | Noticed a two-headed ogre
 17630 | D:12     | Noticed a two-headed ogre
 17630 | D:12     | Found a transporter.
 17635 | D:12     | Noticed Olga's ghost (journeyman FoAK)
 17636 | D:12     | Noticed a two-headed ogre
 17638 | D:12     | Identified the +11 giant spiked club "Wadiph" {holy, rF+}
 17638 | D:12     | Noticed an ettin
 17638 | D:12     | Noticed a two-headed ogre
 17639 | D:12     | Found a transporter.
 17639 | D:12     | Noticed a two-headed ogre
 17660 | D:12     | Reached skill level 5 in Fighting
 17981 | D:12     | Killed Urug
 17982 | D:12     | Reached skill level 5 in Invocations
 18207 | D:12     | Noticed a red ugly thing
 18213 | D:12     | Killed a red ugly thing
 18643 | D:12     | Reached ** piety under Sif Muna
 19237 | D:12     | Reached XP level 12. HP: 61/68 MP: 4/32
 20120 | D:5      | Killed JackAllcraft's ghost
 20462 | Lair:1   | Entered Level 1 of the Lair of Beasts
 20547 | Lair:1   | Reached skill level 15 in Spellcasting
 20795 | Lair:1   | Reached *** piety under Sif Muna
 20870 | Lair:1   | Noticed an eight-headed hydra
 20947 | Lair:1   | Reached skill level 5 in Transmutations
 20971 | Lair:1   | Noticed a five-headed hydra
 21140 | Lair:1   | Reached skill level 5 in Earth Magic
 21344 | Lair:1   | Killed a five-headed hydra
 21552 | Lair:1   | Killed an eight-headed hydra
 22086 | Lair:1   | Got Sif Muna's Compendium of Enthralling Envenoming
 22205 | Lair:1   | Learned a level 3 spell: Mephitic Cloud
 22292 | Lair:2   | Noticed a six-headed hydra
 22295 | Lair:2   | Killed a six-headed hydra
 22448 | Lair:2   | Reached skill level 1 in Poison Magic
 22670 | Lair:2   | Found a staircase to the Swamp.
 22845 | Lair:2   | Reached XP level 13. HP: 75/75 MP: 18/34
 23142 | Lair:2   | Found a staircase to the Snake Pit.
 23199 | Lair:2   | Reached skill level 16 in Spellcasting
 23328 | Lair:2   | Reached **** piety under Sif Muna
 24688 | Lair:3   | Noticed Sonja
 24859 | Lair:2   | Learned a level 4 spell: Cause Fear
 25164 | Lair:3   | Killed Sonja
 25870 | Lair:3   | Identified the ring "Cisiy" {rElec rPois rCorr Dex-3
                  | Slay+6}
 25995 | Lair:4   | Noticed Rupert
 26155 | Lair:4   | Noticed Snorg
 26581 | Lair:4   | Killed Rupert
 26582 | Lair:4   | Reached skill level 17 in Spellcasting
 27585 | Lair:5   | Reached XP level 14. HP: 68/82 MP: 14/37
 28942 | Lair:5   | Reached skill level 18 in Spellcasting
 29875 | Lair:6   | Entered Level 6 of the Lair of Beasts
 30059 | Lair:6   | HP: 2/82 [elephant (7)]
 30946 | Lair:6   | Found a staircase to the Slime Pits.
 30946 | Lair:6   | Found a viscous altar of Jiyva.
 31013 | Lair:6   | Noticed Josephine
 31693 | Lair:6   | Killed Josephine
 31710 | Lair:6   | Killed Snorg
 31801 | Lair:6   | Reached ***** piety under Sif Muna
 31841 | Lair:6   | Received a gift from Sif Muna
 31878 | Lair:6   | Got Sif Muna's Handbook of Attacks {god gift}
 31920 | Lair:6   | Got the Catalogue of Cankerous Dislocation
 31980 | Lair:6   | Reached XP level 15. HP: 54/88 MP: 37/39
 32260 | Lair:6   | Learned a level 6 spell: Iron Shot
 32463 | D:12     | Identified 2 scrolls of acquirement
 32464 | D:12     | Acquired 918 gold pieces
 32466 | D:12     | Acquired 849 gold pieces
 33095 | Orc:1    | Entered Level 1 of the Orcish Mines
 33129 | Orc:2    | Entered Level 2 of the Orcish Mines
 33129 | Orc:2    | Found a staircase to the Elven Halls.
 33334 | Orc:2    | Reached skill level 19 in Spellcasting
 33434 | Orc:2    | Found Ysakof's General Store.
 33688 | Orc:2    | Bought a scroll of blinking for 112 gold pieces
 33688 | Orc:2    | Bought a scroll of magic mapping for 52 gold pieces
 33978 | Orc:2    | Reached skill level 10 in Invocations
 33995 | Orc:2    | Found a transporter.
 34102 | Orc:2    | Found a transporter.
 34105 | Orc:2    | Found the +7 lajatang of Order {silver, rMut}
 34167 | Orc:2    | Reached skill level 1 in Shields
 34364 | Orc:2    | Found Ryvveuke's Book Boutique.
 34513 | Orc:2    | Received a gift from Sif Muna
 34514 | Orc:2    | Got Moecleass's Volume of Hurtful Air {god gift}
 34527 | Orc:2    | Noticed an orc warlord
 34538 | Orc:2    | Killed an orc warlord
 34556 | Orc:2    | Found Awiprudd's Antique Weapon Emporium.
 34558 | Orc:2    | Found Qanosuira's Antique Armour Shoppe.
 34827 | Orc:2    | Noticed benappo's ghost (journeyman HOFi)
 35150 | Orc:2    | Learned a level 6 spell: Conjure Ball Lightning
 35159 | Orc:2    | Learned a level 8 spell: Maxwell's Capacitive Coupling
 35230 | Orc:2    | Bought a glowing robe for 92 gold pieces
 35374 | D:7      | Bought a wand of digging (8) for 240 gold pieces
 35514 | Swamp:1  | Entered Level 1 of the Swamp
 36523 | Swamp:1  | Noticed a fenstrider witch
 36532 | Swamp:1  | Killed a fenstrider witch
 36687 | Swamp:2  | Mangled by a tyrant leech

Illustrated notes

Levels and vault maps discovered:
D:1:      matt_arrival_debris, layout_basic, minivault_4, serial_bayou_crossing
D:2:      layout_loops_ring, uniq_robin
D:3:      layout_loops_ring, marbit_many_paths, bloody_makhleb, zin_academy,
          shapermc_ecumenical_altar_mp_vishouse, uniq_ijyb
D:4:      layout_basic, gup_ossuary_entry_pyramid, serial_shops,
          nicolae_shop_behind_doors
D:5:      layout_basic, gammafunk_ghost_nasty_kobolds
D:6:      gammafunk_wand_slinger, layout_basic,
          minmay_temple_entry_gardened_gates, hangedman_decor_clover_reticule
D:7:      layout_basic, serial_shops, shop
D:8:      layout_basic, chequers_temple_overflow_statue_of_worship,
          dancing_weapons_uskayaw, mainiacjoe_overflow_alcove_2,
          mainiacjoe_overflow_catch_the_wave
D:9:      layout_basic, lemuel_coloured_pillars_altar, hangedman_ru_absence,
          uniq_erica, uniq_joseph
D:10:     layout_stronghold, erik_lair_orcish_takeover, eino_tiny_chamber
D:11:     layout_rooms, uniq_grum
D:12:     layout_loops_ring, gammafunk_ghost_smash, uniq_urug
D:13:     minmay_cut_squares, layout_grid_maze, fake_guardian_serpent_vault,
          uniq_erolcha
Temple:   jpeg_temple_island
Lair:1:   statuecave_lemuel, layout_chaotic_city, cheibrodos_lair_lostbears
Lair:2:   layout_long_grid, swamp_mist, minmay_snake_entry_guardpost_small,
          nicolae_lair_lindhole, grunt_megastairs_1, infiniplex_staircase_pool
Lair:3:   layout_hall_layers, minmay_lindwurm_lava, uniq_sonja
Lair:4:   layout_long_grid, lemuel_fruit_fields, uniq_snorg, uniq_rupert
Lair:5:   nzn_winding_woodlands_cross [nzn_winding_woodlands_5x15_pockets,
          nzn_winding_woodlands_5x15_cabin, nzn_winding_woodlands_5x15_pool,
          nzn_winding_woodlands_5x15_sawtooth,
          nzn_winding_woodlands_15x15_killbox], layout_regular_city
Lair:6:   minmay_lair_end_enchanted_forest, layout_gridlike, slime_altar_1,
          uniq_josephine
Swamp:1:  layout_falls_marsh, evilmike_swamp_ruin_rubble_2, swamp_pool3,
          grunt_witch_cave
Swamp:2:  layout_basic_swamp, evilmike_swamp_ruin_house_3, st_swamp_ruins_2
Orc:1:    layout_caves, portal_ice_cave_rime
Orc:2:    grunt_orc_community_town_hall, layout_caves,
          grunt_orc_community_big_house_1, grunt_orc_community_big_house_1,
          grunt_orc_community_house_3, grunt_orc_community_house_1,
          grunt_orc_community_house_2, grunt_orc_community_house_1,
          grunt_orc_community_house_1, grunt_orc_community_house_3,
          gammafunk_ghost_berserking_beasts, roderic_batcave, mines1_david

Skill      XL: |  1  2  3  4  5  6  7  8  9 10 11 12 13 14 15 |
---------------+----------------------------------------------+-----
Dodging        | 3 |  3.0
Stealth        | 3 |  3.0
Spellcasting   | 4 5 6 8 9 11 13 14 15 17 18 19 | 19.4
Conjurations   | 2 3 4 5 6 7 8 9 |  9.2
Air Magic      | 4 5 6 7 8 9 10 11 12 13 | 13.8
Transmutations | 2 3 4 6 7 9 |  9.8
Earth Magic    | 2 3 4 5 6 7 |  7.1
Fighting       | 1 3 4 5 6 7 8 |  8.7
Invocations    | 3 5 7 8 9 10 | 10.4
Hexes          | 1 3 |  3.0
Poison Magic   | 1 3 |  3.0
Shields        | 2 |  2.4

Action                   |  1- 3 |  4- 6 |  7- 9 | 10-12 | 13-15 || total
-------------------------+-------+-------+-------+-------+-------++-------
Melee: Short sword       |    58 |    80 |    54 |    43 |   447 ||   682
       Dagger            |    10 |       |       |       |       ||    10
       Punch             |       |     1 |     1 |     1 |     5 ||     8
       Scimitar          |       |       |       |       |    12 ||    12
 Cast: Shock             |    15 |    18 |   131 |   122 |    14 ||   300
       Static Discharge  |    12 |    37 |    54 |    81 |    77 ||   261
       Airstrike         |       |     2 |    59 |   168 |   187 ||   416
       Swiftness         |       |       |     1 |    14 |     8 ||    23
       Fulminant Prism   |       |       |       |    65 |    67 ||   132
       Mephitic Cloud    |       |       |       |     6 |   147 ||   153
       Statue Form       |       |       |       |       |    46 ||    46
       Cause Fear        |       |       |       |       |     7 ||     7
       Passwall          |       |       |       |       |     1 ||     1
       Iron Shot         |       |       |       |       |    24 ||    24
       Conjure Ball Ligh |       |       |       |       |    11 ||    11
Invok: Channel Magic     |       |       |       |     1 |     4 ||     5
 Abil: End Transformatio |       |       |       |       |     8 ||     8
Evoke: Wand              |       |       |       |       |     1 ||     1
  Use: Potion            |       |     1 |     1 |     1 |     5 ||     8
       Scroll            |       |       |    14 |     6 |    28 ||    48
 Stab: Sleeping          |     5 |     3 |     5 |       |     1 ||    14
       Distracted        |       |     1 |       |       |       ||     1
       Confused          |       |       |       |     4 |    28 ||    32
Armor: Robe              |    12 |    22 |    39 |    88 |    72 ||   233
       Skin              |       |       |       |       |   647 ||   647
Dodge: Dodged            |    41 |    49 |    49 |   116 |   732 ||   987
Block: Buckler           |       |       |       |       |   133 ||   133
